TOP OF THE 1ST |
Toronto Blue Jays batting - Pitching for Chicago White Sox : RHP Bruce Kison
|
Pitching: RHP Bruce Kison
|
|
Batting: SHB Harold Reynolds
|
0-0: Bunt missed! 0-1: Foul Ball, location: 2F 0-2: Foul Ball, location: 2F 0-2: Foul Ball, location: 2F 0-2: Foul Ball, location: 2F 0-2: Ground out U3 (Groundball, 34, EV 86.3 MPH)
|
Batting: LHB Sheldon Mallory
|
0-0: Ball 1-0: Called Strike 1-1: Ball 2-1: Ground out 5-3 (Groundball, 5, EV 86.9 MPH)
|
Batting: LHB Chad Daley
|
0-0: Ball 1-0: Ball 2-0: Ground out 5-3 (Groundball, 56, EV 103.1 MPH)
|
Top of the 1st over - 0 runs, 0 hits, 0 errors, 0 left on base; Toronto 0 - Chicago 0 |
BOTTOM OF THE 1ST |
Chicago White Sox batting - Pitching for Toronto Blue Jays : LHP Thomas Linnert
|
Pitching: LHP Thomas Linnert
|
|
Batting: RHB Steve Henderson
|
0-0: Ball 1-0: Swinging Strike 1-1: Foul Ball, location: 2F 1-2: Ball 2-2: Ball 3-2: Foul Ball, location: 2F 3-2: Strikes out swinging
|
Batting: RHB Kevin McReynolds
|
0-0: Called Strike 0-1: Foul Ball, location: 2F 0-2: Strikes out swinging
|
Batting: RHB Mike Heath
|
0-0: Ball 1-0: Ball 2-0: Ball 3-0: Called Strike 3-1: Called Strike 3-2: Strikes out swinging
|
Bottom of the 1st over - 0 runs, 0 hits, 0 errors, 0 left on base; Toronto 0 - Chicago 0 |
TOP OF THE 2ND |
Toronto Blue Jays batting - Pitching for Chicago White Sox : RHP Bruce Kison
|
Batting: RHB Andres Galarraga
|
0-0: Ground out 6-3 (Groundball, 56, EV 79.4 MPH)
|
Batting: RHB Jose Gonzalez
|
0-0: Ball 1-0: Swinging Strike 1-1: SINGLE (Flyball, 9LS, EV 88.1 MPH)
|
Batting: LHB Steve Stroughter
|
0-0: Called Strike 0-1: Ball 1-1: Ball Jose Gonzalez is caught stealing 2nd base 2-6 2-1: Ball 3-1: Swinging Strike 3-2: Strikes out swinging
|
Top of the 2nd over - 0 runs, 1 hit, 0 errors, 0 left on base; Toronto 0 - Chicago 0 |
BOTTOM OF THE 2ND |
Chicago White Sox batting - Pitching for Toronto Blue Jays : LHP Thomas Linnert
|
Batting: LHB Mitchell Page
|
0-0: Ball 1-0: Foul Ball, location: 2F 1-1: Ball 2-1: Called Strike 2-2: Ball 3-2: Base on Balls
|
Batting: RHB Tim Teufel
|
0-0: Ball 1-0: Fly out, F8 (Flyball, 8LXD, EV 95.6 MPH)
|
Batting: SHB Wayne Tolleson
|
0-0: Called Strike 0-1: Ball 1-1: Foul Ball, location: 2F 1-2: Fly out, F7 (Line Drive, 7, EV 96.9 MPH)
|
Batting: SHB Dwayne Taggart
|
0-0: Called Strike Mitchell Page is caught stealing 2nd base 2-4
|
Bottom of the 2nd over - 0 runs, 0 hits, 0 errors, 0 left on base; Toronto 0 - Chicago 0 |
TOP OF THE 3RD |
Toronto Blue Jays batting - Pitching for Chicago White Sox : RHP Bruce Kison
|
Batting: RHB Cal Ripken
|
0-0: Called Strike 0-1: Ball 1-1: Ball 2-1: SINGLE (Groundball, 34D, EV 95.6 MPH)
|
Batting: RHB Jose Carrillo
|
0-0: Ball 1-0: Hit by Pitch Cal Ripken to second
|
Batting: LHB Carlos May
|
0-0: Swinging Strike 0-1: Foul Ball, location: 2F 0-2: Hit by Pitch Cal Ripken to third Jose Carrillo to second
|
Batting: SHB Harold Reynolds
|
0-0: Ball 1-0: Ball 2-0: Ball 3-0: Called Strike 3-1: Foul Ball, location: 2F 3-2: Foul Ball, location: 2F 3-2: Grounds into double play, 1-2-3 (Groundball, P, EV 65.0 MPH) Jose Carrillo to third Carlos May to second
|
Batting: LHB Sheldon Mallory
|
0-0: Ground out 6-3 (Groundball, 6M, EV 98.8 MPH)
|
Top of the 3rd over - 0 runs, 1 hit, 0 errors, 2 left on base; Toronto 0 - Chicago 0 |
BOTTOM OF THE 3RD |
Chicago White Sox batting - Pitching for Toronto Blue Jays : LHP Thomas Linnert
|
Batting: SHB Dwayne Taggart
|
0-0: Ball 1-0: Foul Ball, location: 2F 1-1: Called Strike 1-2: Ball 2-2: Ball 3-2: Ground out 5-3 (Groundball, 56, EV 104.4 MPH)
|
Batting: LHB Steve Christmas
|
0-0: Fly out, F7 (Flyball, 7D, EV 93.8 MPH)
|
Batting: LHB Ryan MacFarland
|
0-0: Ball 1-0: Ball 2-0: Called Strike 2-1: Swinging Strike 2-2: Strikes out swinging
|
Bottom of the 3rd over - 0 runs, 0 hits, 0 errors, 0 left on base; Toronto 0 - Chicago 0 |
TOP OF THE 4TH |
Toronto Blue Jays batting - Pitching for Chicago White Sox : RHP Bruce Kison
|
Batting: LHB Chad Daley
|
0-0: DOUBLE (Flyball, 8RXD, EV 99.4 MPH)
|
Batting: RHB Andres Galarraga
|
0-0: Ball 1-0: SINGLE (Groundball, 4MD, EV 106.9 MPH) (infield hit) Chad Daley to third
|
Batting: RHB Jose Gonzalez
|
0-0: Called Strike 0-1: Foul Ball, location: 2F 0-2: Ball 1-2: Ground out 5-3 (Groundball, 56, EV 96.3 MPH) Chad Daley scores Andres Galarraga to second
|
Batting: LHB Steve Stroughter
|
0-0: Ground out 5-3 (Groundball, 56, EV 79.4 MPH)
|
Batting: RHB Cal Ripken
|
0-0: Fly out, F8 (Flyball, 8RM, EV 85.6 MPH)
|
Top of the 4th over - 1 run, 2 hits, 0 errors, 1 left on base; Toronto 1 - Chicago 0 |
BOTTOM OF THE 4TH |
Chicago White Sox batting - Pitching for Toronto Blue Jays : LHP Thomas Linnert
|
Batting: RHB Steve Henderson
|
0-0: Called Strike 0-1: Called Strike 0-2: Ball 1-2: Strikes out swinging
|
Batting: RHB Kevin McReynolds
|
0-0: Ball 1-0: Ball 2-0: SOLO HOME RUN (Flyball, 78XD, EV 99.4 MPH), Distance : 423 ft
|
Batting: RHB Mike Heath
|
0-0: Foul Ball, location: 2F 0-1: Ground out 6-3 (Groundball, 6, EV 78.8 MPH)
|
Batting: LHB Mitchell Page
|
0-0: Ball 1-0: Called Strike 1-1: Fly out, F8 (Flyball, 8RXD, EV 103.8 MPH)
|
Bottom of the 4th over - 1 run, 1 hit, 0 errors, 0 left on base; Toronto 1 - Chicago 1 |
TOP OF THE 5TH |
Toronto Blue Jays batting - Pitching for Chicago White Sox : RHP Bruce Kison
|
Batting: RHB Jose Carrillo
|
0-0: Ball 1-0: Called Strike 1-1: Swinging Strike 1-2: SINGLE (Groundball, 4MD, EV 94.4 MPH)
|
Batting: LHB Carlos May
|
0-0: Fly out, F7 (Flyball, 7LS, EV 88.8 MPH)
|
Batting: SHB Harold Reynolds
|
0-0: Called Strike 0-1: Ball Passed Ball! Jose Carrillo to second 1-1: Ground out 5-3 (Groundball, 56S, EV 80.6 MPH)
|
Batting: LHB Sheldon Mallory
|
0-0: Called Strike 0-1: SINGLE (Line Drive, 9S, EV 99.4 MPH) Jose Carrillo to third Runner from 3rd tries for Home, SAFE, throw by RF to home
|
Batting: LHB Chad Daley
|
0-0: Ball 1-0: Foul Ball, location: 2F 1-1: Ball 2-1: Swinging Strike 2-2: Foul Ball, location: 2F 2-2: Fly out, F8 (Line Drive, 8LD, EV 86.3 MPH)
|
Top of the 5th over - 1 run, 2 hits, 0 errors, 1 left on base; Toronto 2 - Chicago 1 |
BOTTOM OF THE 5TH |
Chicago White Sox batting - Pitching for Toronto Blue Jays : LHP Thomas Linnert
|
Batting: RHB Tim Teufel
|
0-0: Ground out 6-3 (Groundball, 56D, EV 105.6 MPH)
|
Batting: SHB Wayne Tolleson
|
0-0: Ball 1-0: Ball 2-0: Called Strike 2-1: Foul Ball, location: 2F 2-2: Foul Ball, location: 2F 2-2: Fly out, F9 (Line Drive, 9D, EV 83.1 MPH)
|
Batting: SHB Dwayne Taggart
|
0-0: Called Strike 0-1: SINGLE (Groundball, 34D, EV 103.8 MPH)
|
Batting: LHB Steve Christmas
|
0-0: Ball Dwayne Taggart steals 2nd base 1-0: Ball 2-0: Called Strike 2-1: Swinging Strike 2-2: Fly out, F8 (Flyball, 8LM, EV 78.1 MPH)
|
Bottom of the 5th over - 0 runs, 1 hit, 0 errors, 1 left on base; Toronto 2 - Chicago 1 |
TOP OF THE 6TH |
Toronto Blue Jays batting - Pitching for Chicago White Sox : RHP Bruce Kison
|
Batting: RHB Andres Galarraga
|
0-0: Called Strike 0-1: Ball 1-1: SINGLE (Flyball, 3D, EV 100.0 MPH)
|
Batting: RHB Jose Gonzalez
|
0-0: Called Strike 0-1: Ball 1-1: Ball 2-1: Ball 3-1: Base on Balls Andres Galarraga to second
|
Batting: LHB Steve Stroughter
|
0-0: Called Strike 0-1: Reached on error, E5 (Groundball, 5S, EV 84.4 MPH) Andres Galarraga to third Jose Gonzalez to second
|
Batting: RHB Cal Ripken
|
0-0: Ball 1-0: Fly out, F4 (Popup, 13, EV 77.5 MPH)
|
Batting: RHB Jose Carrillo
|
0-0: Called Strike 0-1: Ball 1-1: Foul Ball, location: 2F 1-2: Foul Ball, location: 2F 1-2: SINGLE (Line Drive, 6MD, EV 104.4 MPH) Andres Galarraga scores Jose Gonzalez to third Steve Stroughter to second Runner from 3rd tries for Home, SAFE, throw by CF to home
|
Batting: LHB Carlos May
|
0-0: Foul Ball, location: 2F 0-1: Fly out, F7 (Flyball, 7LM, EV 95.0 MPH)
|
Batting: SHB Harold Reynolds
|
0-0: Ball 1-0: Ball 2-0: Fielders Choice at 2nd, 5-4 (Groundball, 5, EV 100.0 MPH)
|
Top of the 6th over - 2 runs, 2 hits, 1 error, 2 left on base; Toronto 4 - Chicago 1 |
BOTTOM OF THE 6TH |
Chicago White Sox batting - Pitching for Toronto Blue Jays : LHP Thomas Linnert
|
Batting: LHB Ryan MacFarland
|
0-0: Ball 1-0: Called Strike 1-1: Ball 2-1: Ball 3-1: Base on Balls
|
Batting: RHB Steve Henderson
|
0-0: Ball 1-0: Ball 2-0: Fly out, F7 (Flyball, 7, EV 76.9 MPH)
|
Batting: RHB Kevin McReynolds
|
0-0: Swinging Strike 0-1: Foul Ball, location: 2F 0-2: Strikes out swinging
|
Batting: RHB Mike Heath
|
0-0: Called Strike 0-1: Ground out 4-3 (Groundball, 4, EV 110.6 MPH)
|
Bottom of the 6th over - 0 runs, 0 hits, 0 errors, 1 left on base; Toronto 4 - Chicago 1 |
TOP OF THE 7TH |
Toronto Blue Jays batting - Pitching for Chicago White Sox : RHP Bruce Kison
|
Batting: LHB Sheldon Mallory
|
0-0: Called Strike 0-1: Ground out 3-1 (Groundball, 34, EV 81.9 MPH)
|
Batting: LHB Chad Daley
|
0-0: Ball 1-0: Ball 2-0: Foul Ball, location: 2F 2-1: Called Strike 2-2: DOUBLE (Line Drive, 89XD, EV 110.6 MPH)
|
Batting: RHB Andres Galarraga
|
0-0: Ground out 6-3 (Groundball, 6MD, EV 102.5 MPH) Chad Daley to third
|
Batting: RHB Jose Gonzalez
|
0-0: Called Strike 0-1: Ball 1-1: Called Strike 1-2: Strikes out looking
|
Top of the 7th over - 0 runs, 1 hit, 0 errors, 1 left on base; Toronto 4 - Chicago 1 |
BOTTOM OF THE 7TH |
Chicago White Sox batting - Pitching for Toronto Blue Jays : LHP Thomas Linnert
|
Batting: LHB Mitchell Page
|
0-0: Foul Ball, location: 2F 0-1: Foul Ball, location: 2F 0-2: Strikes out swinging
|
Batting: RHB Tim Teufel
|
0-0: Called Strike 0-1: Ball 1-1: TRIPLE (Line Drive, 89XD, EV 113.1 MPH)
|
Batting: SHB Wayne Tolleson
|
0-0: Called Strike 0-1: Ball 1-1: SINGLE (Line Drive, 4MD, EV 103.1 MPH) Tim Teufel scores
|
Batting: SHB Dwayne Taggart
|
0-0: Called Strike 0-1: Called Strike 0-2: Ball 1-2: Grounds into double play, 5-4-3 (Groundball, 56, EV 105.0 MPH)
|
Bottom of the 7th over - 1 run, 2 hits, 0 errors, 0 left on base; Toronto 4 - Chicago 2 |
TOP OF THE 8TH |
Toronto Blue Jays batting - Pitching for Chicago White Sox : RHP Bruce Kison
|
Batting: LHB Steve Stroughter
|
0-0: Ball 1-0: Ball 2-0: Called Strike 2-1: Foul Ball, location: 2F 2-2: Ball 3-2: Foul Ball, location: 2F 3-2: Fly out, F3 (Flyball, 3D, EV 96.3 MPH)
|
Batting: RHB Cal Ripken
|
0-0: Ball 1-0: Ball 2-0: Fly out, F9 (Flyball, 89S, EV 78.8 MPH)
|
Batting: RHB Jose Carrillo
|
0-0: Ball 1-0: Ground out 6-3 (Groundball, 56, EV 85.6 MPH)
|
Top of the 8th over - 0 runs, 0 hits, 0 errors, 0 left on base; Toronto 4 - Chicago 2 |
BOTTOM OF THE 8TH |
Chicago White Sox batting - Pitching for Toronto Blue Jays : LHP Thomas Linnert
|
Batting: LHB Steve Christmas
|
0-0: DOUBLE (Line Drive, 9LD, EV 102.5 MPH)
|
Batting: LHB Ryan MacFarland
|
0-0: Ball 1-0: Sac Bunt to 15S - play at first, batter OUT! 1-3 Steve Christmas to third
|
Batting: RHB Steve Henderson
|
0-0: Ball 1-0: Ground out 4-3 (Groundball, 4, EV 86.9 MPH) Steve Christmas scores
|
Batting: RHB Kevin McReynolds
|
0-0: Ball 1-0: Swinging Strike 1-1: Called Strike 1-2: Ball 2-2: SINGLE (Flyball, 8RS, EV 101.3 MPH)
|
Pitching: RHP Burt Nordstrom
|
|
Batting: RHB Mike Heath
|
0-0: Ball 1-0: SINGLE (Groundball, 4M, EV 93.8 MPH) (infield hit) Kevin McReynolds to second
|
Batting: LHB Mitchell Page
|
0-0: Ball 1-0: Called Strike 1-1: Swinging Strike 1-2: Ball 2-2: Ball 3-2: Strikes out swinging
|
Bottom of the 8th over - 1 run, 3 hits, 0 errors, 2 left on base; Toronto 4 - Chicago 3 |
TOP OF THE 9TH |
Toronto Blue Jays batting - Pitching for Chicago White Sox : RHP Bruce Kison
|
Pitching: RHP Dickie Noles
|
|
Batting: LHB Carlos May
|
0-0: Ground out 1-3 (Groundball, 13S, EV 70.0 MPH)
|
Batting: SHB Harold Reynolds
|
0-0: Swinging Strike 0-1: Called Strike 0-2: Ground out U3 (Groundball, 3L, EV 80.6 MPH)
|
Batting: LHB Sheldon Mallory
|
0-0: Ground out 5-3 (Groundball, 56, EV 87.5 MPH)
|
Top of the 9th over - 0 runs, 0 hits, 0 errors, 0 left on base; Toronto 4 - Chicago 3 |
BOTTOM OF THE 9TH |
Chicago White Sox batting - Pitching for Toronto Blue Jays : RHP Burt Nordstrom
|
Now at 2B: Chris Speier
|
|
Batting: RHB Tim Teufel
|
0-0: Called Strike 0-1: Ball 1-1: SINGLE (Line Drive, 78D, EV 110.0 MPH)
|
Batting: SHB Wayne Tolleson
|
0-0: Ball 1-0: Swinging Strike 1-1: Foul Ball, location: 2F 1-2: Ball 2-2: Foul Ball, location: 2F 2-2: Strikes out swinging
|
Batting: SHB Dwayne Taggart
|
0-0: Ball Wild Pitch! Tim Teufel to second 1-0: Ball 2-0: Called Strike 2-1: Foul Ball, location: 2F 2-2: Ball 3-2: Base on Balls
|
Pitching: RHP Juan Gutierrez
|
|
Batting: LHB Steve Christmas
|
0-0: Ball 1-0: Ball 2-0: Foul Ball, location: 2F 2-1: Ball 3-1: Foul Ball, location: 2F 3-2: Foul Ball, location: 2F 3-2: Base on Balls Tim Teufel to third Dwayne Taggart to second
|
Batting: LHB Ryan MacFarland
|
0-0: Ball 1-0: Foul Ball, location: 2F 1-1: Fly out, F8 (Flyball, 8RD, EV 100.0 MPH) Runner from 3rd tags up, OUT at HOME! 8-2
|
Bottom of the 9th over - 0 runs, 1 hit, 0 errors, 2 left on base; Toronto 4 - Chicago 3 |
|